 Dungeon Crawl Stone Soup version 0.31-a0-667-g39726597b9 (webtiles) character file.

Game seed: 1226109975700332373

21 dialectric the Trooper (level 2, 0/24 HPs)
             Began as a Demonspawn Fighter on Sept 3, 2023.
             Slain by a goblin
             ... wielding a +0 club
              (2 damage)
             ... on level 2 of the Dungeon.
             The game lasted 00:01:07 (705 turns).

dialectric the Trooper (Demonspawn Fighter)          Turns: 705, Time: 00:01:07

Health: 0/24       AC:  6    Str: 16    XL:     2   Next: 65%
Magic:  2/2        EV:  9    Int:  9    God:
Gold:   85         SH:  0    Dex: 12    Spells: 1/1 levels left

rFire   . . .        a - +0 long sword
rCold   . . .        (no shield)
rNeg    . . .        b - +0 scale mail
rPois   .            (no helmet)
rElec   .            (no cloak)
rCorr   .            (no gloves)
SInv    .            (no boots)
Will    .....        (no amulet) Stlth
                     (no ring)
HPRegen 0.24/turn    (no ring)
MPRegen 0.08/turn

%: no passive effects
@: confused
A: foul stench 1
a: no special abilities


You were on level 2 of the Dungeon.
You visited 1 branch of the dungeon, and saw 2 of its levels.

You collected 85 gold pieces.

Inventory:

Hand Weapons
 a - a +0 long sword (weapon)
Armour
 b - a +0 scale mail (worn)
 c - a +0 buckler
Scrolls
 e - a scroll of noise {unknown}
 f - a scroll of amnesia {unknown}
Potions
 d - 2 potions of might
 g - a potion of heal wounds {unknown}
 h - a potion of brilliance {unknown}


   Skills:
 + Level 3.3 Fighting
 + Level 2.1 Long Blades
 + Level 2.9 Armour
 * Level 0.8 Dodging
 - Level 2.6 Shields


You had one spell level left.
You didn't know any spells.
Your spell library was empty.

Dungeon Overview and Level Annotations

Branches:
Dungeon (2/15)

Altars:

Annotations:
D:2 Sigmund


Innate Abilities, Weirdness & Mutations

You may rarely emit foul miasma when damaged in melee.


Message History

The quokka is almost dead.
Sigmund points at you and mumbles some strange words.
You are confused.
The quokka bites you. The goblin hits you but does no damage.
Sigmund closely misses you. The quokka completely misses you.
The goblin hits you with a +0 club.
In your confused state, you trip and fall back down the stairs.
The quokka bites you. The goblin barely misses you.
Sigmund hits you from afar with a +0 scythe!
* * * LOW HITPOINT WARNING * * *
The quokka barely misses you.
Unknown command.
You are too injured to fight recklessly!
You are too injured to fight recklessly!
Unknown command.
The goblin barely misses you.
The quokka bites you but does no damage.
Sigmund is suddenly surrounded by pale red light.
Sigmund points at you and mumbles some strange words.
You are more confused.
In your confused state, you trip and fall back down the stairs.
* * * LOW HITPOINT WARNING * * *
The goblin closely misses you. The quokka closely misses you.
Sigmund casts a spell at you.
You are more confused.
You are too injured to fight recklessly!
You are too injured to fight recklessly!
Unknown command.
The quokka misses you. The goblin closely misses you.
Sigmund barely misses you.
In your confused state, you trip and fall back down the stairs.
* * * LOW HITPOINT WARNING * * *
The quokka bites you but does no damage.
The goblin hits you but does no damage.
Unknown command.
Unknown command.
The quokka bites you.
* * * LOW HITPOINT WARNING * * *
The goblin hits you with a +0 club.
You die...

# . . .... ..#.
.... #...# ....
#.... #..#
###...####...##.
......r@........
####..g.#@..##.
.......>....#
...........$...#
#...........##.#
..............
#...##.........#
#..$ ....(....g#
... ..#........<


You could see Sigmund, a quokka and a goblin.

Vanquished Creatures
  An endoplasm (D:1)
  A giant cockroach (D:1)
  3 goblins
  2 hobgoblins (D:1)
  A quokka (D:1)
  3 ball pythons (D:1)
  5 bats (D:1)
  2 frilled lizards (D:1)
  A kobold (D:1)
  A rat (D:1)
20 creatures vanquished.

Notes
Turn   | Place    | Note
-------+----------+-------------------------------------------
     0 | D:1      | dialectric the Demonspawn Fighter began the quest for the
                  | Orb.
     0 | D:1      | Reached XP level 1. HP: 18/18 MP: 1/1
   190 | D:1      | Gained mutation: You may rarely emit foul miasma when
                  | damaged in melee. [demonic ancestry]
   190 | D:1      | Reached XP level 2. HP: 24/24 MP: 2/2
   683 | D:2      | Noticed Sigmund
   705 | D:2      | Slain by a goblin

Illustrated notes

Levels and vault maps discovered:
D:1:      dpeg_arrival_leaves_temple_mockup, layout_loops_cross
D:2:      layout_rooms, basic_altar, uniq_sigmund, uniq_terence

Skill      XL: |  1  2 |
---------------+-------+-----
Long Blades    | 2 |  2.1
Fighting       | |  3.3
Armour         | |  2.9
Dodging        | |  0.8
Shields        | |  2.6

Action                     || total
---------------------------++-------
  Melee: Long sword        ||    55
 Armour: Scale mail        ||    51
  Dodge: Dodged            ||    36

Table legend: (Time is in decaauts)
 A = Elapsed time spent in this place.
 B = Non-inter-level travel time spent in this place.
 C = Inter-level travel time spent in this place.
 D = Time resting spent in this place.
 E = Time spent auto-exploring this place.
 F = Levels seen in this place.
 G = Mean time per level.
                   A        B        C        D        E       F      G
               +--------+--------+--------+--------+--------+-----+--------+
         Total |    722 |    689 |     33 |      0 |    545 |   2 |  361.0 |
       Dungeon |    722 |    689 |     33 |      0 |    545 |   2 |  361.0 |
               +--------+--------+--------+--------+--------+-----+--------+

Top non-repeatable levels by time:
     D:1: 705 daAuts
     D:2: 17 daAuts
